Oilers vs Blues
Created - January 12, 2022 at 19:18
Goals
|
| Oilers |
0 |
0 |
1 |
1 |
| Blues |
1 |
1 |
2 |
4 |
|
Shots
|
| Oilers |
10 |
5 |
12 |
27 |
| Blues |
14 |
11 |
16 |
41 |
|
1st period
1. Blues , Riley Sheahan 5 (Ladislav Smid 4, Ryan Murray 6) at 18:33
Penalties :
Adam Larsson (Edm) for Kneeing (Minor) at 8:01, Jacob Slavin (Stl) for Tripping (Minor) at 15:05
2nd period
2. Blues , Drew Shore 3 (Martin Marincin 2, Jacob Slavin 6) at 13:36
Penalties :
Alex Pietrangelo (Stl) for Hooking (Minor) at 0:13, Shea Weber (Edm) for Cross-checking (Minor) at 18:57
3rd period
3. Blues , Anthony Mantha 5 (Brandon Montour 2) at 7:57
4. Blues , Nicklas Backstrom 10 (Alex Pietrangelo 13, Ryan Murray 7) at 8:07
5. Oilers , Taylor Hall 7 (Ryan Nugent-Hopkins 10, Jordan Eberle 7) at 14:06
Penalties :
Auston Matthews (Stl) for Delaying the game (Minor) at 2:09, Linus Omark (Stl) for Holding (Minor) at 5:04, Jacob Slavin (Stl) for Roughing (Minor) at 9:08
Goalie Stats
James Reimer (Edm), 37 saves from 41 shots - (0.902), L, 6-5-4, 60:00 minutes
Carey Price (Stl), 26 saves from 27 shots - (0.963), W, 9-5-0, 60:00 minutes
Players Stats for Oilers
Player Name G A P +/- PIM S H SB GA TA FO MP PP MP PK MP
------------------------------------------------------------------------------------
Adam Larsson 0 0 0 0 2 0 0 0 0 2 0/0 22:14 0:00 0:51
Benoit Pouliot 0 0 0 -2 0 2 2 0 0 0 0/0 14:47 0:02 1:21
Brock McGinn 0 0 0 0 0 0 2 0 0 0 1/2 8:58 0:02 0:00
Connor McDavid 0 0 0 -2 0 3 1 0 0 0 12/23 19:46 5:30 1:08
Darnell Nurse 0 0 0 -3 0 1 0 2 0 1 0/0 16:21 0:00 2:32
Duncan Keith 0 0 0 0 0 1 0 0 1 0 0/0 15:06 4:13 0:00
Jakob Silfverberg 0 0 0 -2 0 1 5 0 1 0 0/0 18:30 5:30 0:00
Jordan Eberle 0 1 1 0 0 0 0 0 1 1 0/2 19:53 4:23 0:00
Kasperi Kapanen 0 0 0 -1 0 3 2 0 0 0 0/0 8:36 0:02 0:00
Leon Draisaitl 0 0 0 0 0 0 1 0 0 0 0/0 13:07 4:23 0:00
Maxim Lapierre 0 0 0 -1 0 2 1 0 1 0 8/13 11:13 0:00 2:40
Rasmus Ristolainen 0 0 0 -3 0 1 1 3 0 0 0/0 24:31 5:42 2:32
Ryan Nugent-Hopkins 0 1 1 0 0 1 0 0 1 0 8/24 19:53 4:23 0:00
Shea Weber 0 0 0 0 2 3 1 1 1 0 0/0 23:33 4:13 0:35
Taylor Hall 1 0 1 0 0 7 5 1 2 2 1/2 23:43 5:30 2:47
Ted Purcell 0 0 0 -1 0 0 1 0 0 0 0/0 8:33 0:00 0:00
Tobias Enstrom 0 0 0 0 0 0 0 0 1 1 0/0 18:21 5:42 1:26
Yanni Gourde 0 0 0 0 0 2 1 0 1 0 0/3 8:55 0:00 0:00
Players Stats for Blues
Player Name G A P +/- PIM S H SB GA TA FO MP PP MP PK MP
------------------------------------------------------------------------------------
Alex Pietrangelo 0 1 1 1 2 6 1 1 1 1 0/0 25:59 3:01 1:27
Anthony Mantha 1 0 1 2 0 4 1 0 0 0 0/0 8:41 0:00 0:00
Auston Matthews 0 0 0 1 2 1 0 0 0 0 8/15 14:28 0:00 0:00
Brandon Montour 0 1 1 1 0 0 0 1 0 0 0/0 11:59 0:57 0:17
David Perron 0 0 0 1 0 2 1 0 1 0 0/1 16:59 1:33 1:14
Devin Shore 0 0 0 0 0 0 0 0 0 0 1/3 7:46 1:33 0:03
Drew Shore 1 0 1 2 0 1 2 1 1 0 7/13 14:25 0:00 5:11
Filip Forsberg 0 0 0 0 0 2 0 1 0 0 3/4 18:17 2:25 0:00
Jacob Slavin 0 1 1 1 4 2 2 2 2 2 0/0 19:28 3:01 1:55
Jujhar Khaira 0 0 0 0 0 0 1 0 0 1 0/1 9:03 0:00 2:18
Ladislav Smid 0 1 1 1 0 2 0 1 0 2 0/0 14:50 0:00 3:39
Linus Omark 0 0 0 2 2 1 0 0 1 0 0/0 8:49 0:00 0:00
Martin Marincin 0 1 1 1 0 0 1 1 0 1 0/0 20:25 0:00 6:16
Nicklas Backstrom 1 0 1 0 0 2 0 0 0 0 18/29 18:17 2:25 0:00
Patrick Kaleta 0 0 0 0 0 0 1 0 0 0 0/0 9:18 0:00 2:51
Riley Sheahan 1 0 1 1 0 11 5 0 0 1 1/2 18:57 1:33 2:51
Ryan Murray 0 2 2 1 0 2 1 2 0 1 0/0 28:02 0:57 6:16
Tyler Johnson 0 0 0 0 0 5 2 1 1 1 1/1 24:17 2:25 5:22
3 Stars
1 - Riley Sheahan (Stl)
2 - Drew Shore (Stl)
3 - Carey Price (Stl)
Power Play
Oilers - 0 on 5 Attempt(s) - 0.00%
Blues - 0 on 2 Attempt(s) - 0.00%
Penalty Kill
Oilers - 2 on 2 Attempt(s) - 100.00%
- Score 0 goal in Penalty Kill
Blues - 5 on 5 Attempt(s) - 100.00%
- Score 0 goal in Penalty Kill
Team Stat
Oilers - Hits : 23 - Faceoff Wins : 30 - Blocked Shots : 7 - Penalty Minutes : 4
Blues - Hits : 18 - Faceoff Wins : 39 - Blocked Shots : 11 - Penalty Minutes : 10
Official
Referees : Beaudry Halkidis and Corey Syvret
Linesman : Steve Miller and James Tobias
Game Notes
No Game Note
Finance
Level 1 -- Attendance: 6000 (100.00%) -- Ticket Income $600,000
Level 2 -- Attendance: 5000 (100.00%) -- Ticket Income $300,000
Level 3 -- Attendance: 1789 (89.45%) -- Ticket Income $62,615
Level 4 -- Attendance: 4000 (100.00%) -- Ticket Income $100,000
Luxury Box -- Attendance: 1000 (100.00%) -- Ticket Income $200,000
Game was played at the Enterprise Center.
Total Attendance: 17789 (98.83%)
Total Ticket Income: $1,262,615
Other Income: $189,392
Total Income: $1,452,007
Oilers
5 vs 5 Forward
Center Left Wing Right Wing Time % Phy DF OF
1 Ryan Nugent-Hopkins Taylor Hall Jordan Eberle 40 1 2 2
2 Connor McDavid Benoit Pouliot Jakob Silfverberg 30 1 2 2
3 Yanni Gourde Leon Draisaitl Brock McGinn 20 1 2 2
4 Maxim Lapierre Ted Purcell Kasperi Kapanen 10 1 2 2
5 vs 5 Defense
Defense Defense Time % Phy DF OF
1 Shea Weber Adam Larsson 40 1 2 2
2 Rasmus Ristolainen Darnell Nurse 30 1 2 2
3 Tobias Enstrom Duncan Keith 20 1 2 2
4 Adam Larsson Rasmus Ristolainen 10 1 2 2
PowerPlay Forward
Center Left Wing Right Wing Time % Phy DF OF
1 Connor McDavid Taylor Hall Jakob Silfverberg 60 1 2 2
2 Ryan Nugent-Hopkins Leon Draisaitl Jordan Eberle 40 1 2 2
PowerPlay Defense
Defense Defense Time % Phy DF OF
1 Tobias Enstrom Rasmus Ristolainen 60 1 2 2
2 Duncan Keith Shea Weber 40 1 2 2
Penalty Kill 4 Players Forward
Center Wing Time % Phy DF OF
1 Maxim Lapierre Taylor Hall 60 1 2 2
2 Connor McDavid Benoit Pouliot 40 1 2 2
Penalty Kill 4 Players Defense
Defense Defense Time % Phy DF OF
1 Darnell Nurse Rasmus Ristolainen 60 1 2 2
2 Adam Larsson Shea Weber 40 1 2 2
Penalty Kill - 3 Players Forward
Forward Time % Phy DF OF
1 Connor McDavid 60 1 2 2
2 Jordan Eberle 40 1 2 2
Penalty Kill - 3 Players Defense
Defense Defense Time % Phy DF OF
1 Darnell Nurse Rasmus Ristolainen 60 1 2 2
2 Adam Larsson Shea Weber 40 1 2 2
4 vs 4 Forward
Center Wing Time % Phy DF OF
1 Connor McDavid Taylor Hall 60 1 2 2
2 Ryan Nugent-Hopkins Jordan Eberle 40 1 2 2
4 vs 4 Defense
Defense Defense Time % Phy DF OF
1 Darnell Nurse Rasmus Ristolainen 60 1 2 2
2 Adam Larsson Shea Weber 40 1 2 2
Last Minutes Offensive
Center Left Wing Right Wing Defense Defense
Connor McDavid Taylor Hall Jordan Eberle Darnell Nurse Rasmus Ristolainen
Last Minutes Defensive
Center Left Wing Right Wing Defense Defense
Connor McDavid Taylor Hall Jordan Eberle Darnell Nurse Rasmus Ristolainen
Goaltenders
Starting : James Reimer
Backup : Jonas Hiller
Extra Forwards
Normal : Yanni Gourde, Leon Draisaitl, Ryan Nugent-Hopkins - PP : Brock McGinn, Leon Draisaitl - PK : Benoit Pouliot
Extra Defensemen
Normal : Shea Weber, Tobias Enstrom, Duncan Keith - PP : Shea Weber - PK : Shea Weber, Tobias Enstrom
Penalty Shots
Connor McDavid, Ted Purcell, Benoit Pouliot, Taylor Hall, Jordan Eberle
Scratches
Jordan Caron (Healthy)
Blues
5 vs 5 Forward
Center Left Wing Right Wing Time % Phy DF OF
1 Nicklas Backstrom Filip Forsberg Tyler Johnson 40 1 2 2
2 Auston Matthews David Perron Riley Sheahan 30 1 2 2
3 Drew Shore Linus Omark Anthony Mantha 20 1 2 2
4 Devin Shore Jujhar Khaira Patrick Kaleta 10 1 2 2
5 vs 5 Defense
Defense Defense Time % Phy DF OF
1 Alex Pietrangelo Ryan Murray 40 1 2 2
2 Jacob Slavin Martin Marincin 30 1 2 2
3 Brandon Montour Ladislav Smid 20 1 2 2
4 Ryan Murray Alex Pietrangelo 10 1 2 2
PowerPlay Forward
Center Left Wing Right Wing Time % Phy DF OF
1 Nicklas Backstrom Filip Forsberg Tyler Johnson 60 1 2 2
2 Devin Shore David Perron Riley Sheahan 40 1 2 2
PowerPlay Defense
Defense Defense Time % Phy DF OF
1 Alex Pietrangelo Jacob Slavin 60 1 2 2
2 Brandon Montour Ryan Murray 40 1 2 2
Penalty Kill 4 Players Forward
Center Wing Time % Phy DF OF
1 Drew Shore Tyler Johnson 60 1 2 2
2 Riley Sheahan Patrick Kaleta 40 1 2 2
Penalty Kill 4 Players Defense
Defense Defense Time % Phy DF OF
1 Martin Marincin Ryan Murray 60 1 2 2
2 Ladislav Smid Jacob Slavin 40 1 2 2
Penalty Kill - 3 Players Forward
Forward Time % Phy DF OF
1 Riley Sheahan 60 1 2 2
2 Drew Shore 40 1 2 2
Penalty Kill - 3 Players Defense
Defense Defense Time % Phy DF OF
1 Martin Marincin Ladislav Smid 60 1 2 2
2 Ryan Murray Jacob Slavin 40 1 2 2
4 vs 4 Forward
Center Wing Time % Phy DF OF
1 Nicklas Backstrom Filip Forsberg 60 1 2 2
2 Drew Shore Tyler Johnson 40 1 2 2
4 vs 4 Defense
Defense Defense Time % Phy DF OF
1 Alex Pietrangelo Martin Marincin 60 1 2 2
2 Brandon Montour Ryan Murray 40 1 2 2
Last Minutes Offensive
Center Left Wing Right Wing Defense Defense
Nicklas Backstrom Filip Forsberg Tyler Johnson Alex Pietrangelo Ryan Murray
Last Minutes Defensive
Center Left Wing Right Wing Defense Defense
Drew Shore David Perron Riley Sheahan Martin Marincin Ladislav Smid
Goaltenders
Starting : Carey Price
Backup : Joonas Korpisalo
Extra Forwards
Normal : Anthony Mantha, Auston Matthews, Filip Forsberg - PP : Riley Sheahan, Devin Shore - PK : Jujhar Khaira
Extra Defensemen
Normal : Jacob Slavin, Brandon Montour, Ladislav Smid - PP : Brandon Montour - PK : Alex Pietrangelo, Brandon Montour
Penalty Shots
David Perron, Auston Matthews, Devin Shore, Filip Forsberg, Tyler Johnson
Scratches
Cody Ceci (Healthy), Eric Nystrom (Healthy), Peter Regin (Healthy)
% Time on Ice - Oilers
Lines # - Real PCT - Wanted PCT - Time Play
Normal Forward
1 - 34% - 40% - 15:28
2 - 29% - 30% - 13:11
3 - 19% - 20% - 8:55
4 - 19% - 10% - 8:33
Normal Defense
1 - 40% - 40% - 18:20
2 - 32% - 30% - 14:59
3 - 22% - 20% - 10:22
4 - 5% - 10% - 2:26
PP Forward
1 - 56% - 60% - 5:32
2 - 44% - 40% - 4:23
PP Defense
1 - 57% - 60% - 5:42
2 - 43% - 40% - 4:13
PK Forward
1 - 72% - 60% - 2:52
2 - 28% - 40% - 1:06
PK Defense
1 - 64% - 60% - 2:32
2 - 36% - 40% - 1:26
PK3 Forward
1 - 0% - 60%
2 - 0% - 40%
PK3 Defense
1 - 0% - 60%
2 - 0% - 40%
44 Forward
1 - 0% - 60%
2 - 0% - 40%
44 Defense
1 - 0% - 60%
2 - 0% - 40%
Last Minute Offensive - 0:00
Last Minute Defensive - 0:00
Total
Forward - 60:00
Defense - 60:00
|
% Time on Ice - Blues
Lines # - Real PCT - Wanted PCT - Time Play
Normal Forward
1 - 37% - 40% - 16:59
2 - 32% - 30% - 14:33
3 - 18% - 20% - 8:29
4 - 13% - 10% - 6:06
Normal Defense
1 - 43% - 40% - 19:42
2 - 31% - 30% - 14:20
3 - 23% - 20% - 10:32
4 - 3% - 10% - 1:33
PP Forward
1 - 61% - 60% - 2:25
2 - 39% - 40% - 1:33
PP Defense
1 - 76% - 60% - 3:01
2 - 24% - 40% - 0:57
PK Forward
1 - 71% - 60% - 7:04
2 - 29% - 40% - 2:51
PK Defense
1 - 63% - 60% - 6:16
2 - 37% - 40% - 3:39
PK3 Forward
1 - 0% - 60%
2 - 0% - 40%
PK3 Defense
1 - 0% - 60%
2 - 0% - 40%
44 Forward
1 - 0% - 60%
2 - 0% - 40%
44 Defense
1 - 0% - 60%
2 - 0% - 40%
Last Minute Offensive - 0:00
Last Minute Defensive - 0:00
Total
Forward - 60:00
Defense - 60:00
|
Play-by-Play
1st period
0:01 of 1st period - Nicklas Backstrom wins face-off versus Jordan Eberle in neutral zone.
0:26 of 1st period - Shea Weber is hit by Riley Sheahan.
0:51 of 1st period - Linus Omark is hit by Brock McGinn and loses puck.
1:06 of 1st period - Snap shot by Ted Purcell.
1:06 of 1st period - Deflect By Maxim Lapierre.
1:06 of 1st period - Stopped by Carey Price without a rebound.
1:07 of 1st period - Maxim Lapierre wins face-off versus Jujhar Khaira in Blues zone.
1:18 of 1st period - Snap shot by Jujhar Khaira.
1:18 of 1st period - Shot Blocked by Darnell Nurse.
1:36 of 1st period - Snap shot by Rasmus Ristolainen.
1:36 of 1st period - Shot Blocked by Brandon Montour.
1:54 of 1st period - Wrist shot by Kasperi Kapanen.
1:54 of 1st period - Stopped by Carey Price with a rebound.
1:56 of 1st period - Slapshot by Darnell Nurse.
1:56 of 1st period - Shot Misses the Net.
1:58 of 1st period - Snap shot by Darnell Nurse.
1:58 of 1st period - Shot Misses the Net.
2:08 of 1st period - Slapshot by Kasperi Kapanen.
2:08 of 1st period - Shot Misses the Net.
2:10 of 1st period - Slapshot by Rasmus Ristolainen.
2:10 of 1st period - Stopped by Carey Price without a rebound.
2:11 of 1st period - Ryan Nugent-Hopkins wins face-off versus Auston Matthews in Blues zone.
4:23 of 1st period - Backhand shot by Alex Pietrangelo.
4:23 of 1st period - Stopped by James Reimer without a rebound.
4:24 of 1st period - Connor McDavid wins face-off versus Drew Shore in Oilers zone.
4:42 of 1st period - Jakob Silfverberg is hit by Drew Shore and loses puck.
5:17 of 1st period - Snap shot by Riley Sheahan.
5:17 of 1st period - Stopped by James Reimer without a rebound.
5:18 of 1st period - Auston Matthews wins face-off versus Yanni Gourde in Oilers zone.
5:21 of 1st period - Slapshot by Alex Pietrangelo.
5:21 of 1st period - Stopped by James Reimer with a rebound.
5:23 of 1st period - Slapshot by Ryan Murray.
5:23 of 1st period - Stopped by James Reimer without a rebound.
5:24 of 1st period - Ryan Nugent-Hopkins wins face-off versus Filip Forsberg in Oilers zone.
5:56 of 1st period - Duncan Keith is hit by Drew Shore and loses puck.
6:25 of 1st period - Snap shot by Auston Matthews.
6:25 of 1st period - Shot Misses the Net.
6:59 of 1st period - Wrist shot by Taylor Hall.
6:59 of 1st period - Deflect By Ryan Nugent-Hopkins.
6:59 of 1st period - Shot Misses the Net.
6:59 of 1st period - Puck is out of play.
7:00 of 1st period - Tyler Johnson wins face-off versus Ryan Nugent-Hopkins in Blues zone.
7:10 of 1st period - Icing by Ryan Nugent-Hopkins.
7:11 of 1st period - Nicklas Backstrom wins face-off versus Ryan Nugent-Hopkins in Oilers zone.
7:12 of 1st period - Snap shot by Tyler Johnson.
7:12 of 1st period - Shot Misses the Net.
7:31 of 1st period - Slapshot by Taylor Hall.
7:31 of 1st period - Stopped by Carey Price with a rebound.
7:37 of 1st period - Snap shot by Jordan Eberle.
7:37 of 1st period - Deflect By Taylor Hall.
7:37 of 1st period - Stopped by Carey Price without a rebound.
7:38 of 1st period - Connor McDavid wins face-off versus Riley Sheahan in Blues zone.
8:01 of 1st period - Minor Penalty to Adam Larsson for Kneeing.
8:02 of 1st period - Maxim Lapierre wins face-off versus Nicklas Backstrom in Oilers zone.
8:02 of 1st period - Maxim Lapierre is hit by Tyler Johnson.
8:13 of 1st period - Wrist shot by Alex Pietrangelo.
8:13 of 1st period - Stopped by James Reimer without a rebound.
8:14 of 1st period - Nicklas Backstrom wins face-off versus Maxim Lapierre in Oilers zone.
8:15 of 1st period - Slapshot by Tyler Johnson.
8:15 of 1st period - Stopped by James Reimer with a rebound.
8:17 of 1st period - Slapshot by Alex Pietrangelo.
8:17 of 1st period - Stopped by James Reimer without a rebound.
8:18 of 1st period - Nicklas Backstrom wins face-off versus Maxim Lapierre in Oilers zone.
8:45 of 1st period - Slapshot by Alex Pietrangelo.
8:45 of 1st period - Shot Misses the Net.
8:54 of 1st period - Off-side.
8:55 of 1st period - Maxim Lapierre wins face-off versus Devin Shore in neutral zone.
10:01 of 1st period - Penalty to Adam Larsson is over, Adam Larsson is back on ice.
10:22 of 1st period - Snap shot by Anthony Mantha.
10:22 of 1st period - Deflect By Drew Shore.
10:22 of 1st period - Shot Misses the Net.
10:22 of 1st period - Puck is out of play.
10:23 of 1st period - Drew Shore wins face-off versus Ryan Nugent-Hopkins in Oilers zone.
11:49 of 1st period - Icing by Jordan Eberle.
11:50 of 1st period - Nicklas Backstrom wins face-off versus Ryan Nugent-Hopkins in Oilers zone.
12:01 of 1st period - Jacob Slavin is hit by Shea Weber.
12:44 of 1st period - Slapshot by Jacob Slavin.
12:44 of 1st period - Stopped by James Reimer without a rebound.
12:45 of 1st period - Devin Shore wins face-off versus Yanni Gourde in Oilers zone.
14:12 of 1st period - David Perron is hit by Brock McGinn and loses puck.
14:35 of 1st period - Wrist shot by Tyler Johnson.
14:35 of 1st period - Shot Misses the Net.
14:47 of 1st period - Snap shot by Jordan Eberle.
14:47 of 1st period - Shot Misses the Net.
14:49 of 1st period - Slapshot by Darnell Nurse.
14:49 of 1st period - Stopped by Carey Price without a rebound.
14:50 of 1st period - Maxim Lapierre wins face-off versus Drew Shore in Blues zone.
14:55 of 1st period - Wrist shot by Ted Purcell.
14:55 of 1st period - Shot Misses the Net.
14:57 of 1st period - Slapshot by Kasperi Kapanen.
14:57 of 1st period - Shot Misses the Net.
14:59 of 1st period - Snap shot by Maxim Lapierre.
14:59 of 1st period - Stopped by Carey Price with a rebound.
15:01 of 1st period - Slapshot by Shea Weber.
15:01 of 1st period - Stopped by Carey Price without a rebound.
15:02 of 1st period - Nicklas Backstrom wins face-off versus Jordan Eberle in Blues zone.
15:02 of 1st period - Nicklas Backstrom is hit by Taylor Hall.
15:05 of 1st period - Minor Penalty to Jacob Slavin for Tripping.
15:06 of 1st period - Drew Shore wins face-off versus Connor McDavid in Blues zone.
15:09 of 1st period - Off-side.
15:10 of 1st period - Drew Shore wins face-off versus Connor McDavid in neutral zone.
16:49 of 1st period - Slapshot by Riley Sheahan.
16:49 of 1st period - Stopped by James Reimer with a rebound.
17:05 of 1st period - Penalty to Jacob Slavin is over, Jacob Slavin is back on ice.
17:15 of 1st period - Wrist shot by Maxim Lapierre.
17:15 of 1st period - Shot Misses the Net.
17:17 of 1st period - Slapshot by Shea Weber.
17:17 of 1st period - Stopped by Carey Price without a rebound.
17:18 of 1st period - Maxim Lapierre wins face-off versus Devin Shore in Blues zone.
17:33 of 1st period - Slapshot by Alex Pietrangelo.
17:33 of 1st period - Shot Misses the Net.
18:02 of 1st period - Snap shot by Nicklas Backstrom.
18:02 of 1st period - Shot Hit the Post.
18:04 of 1st period - Wrist shot by Riley Sheahan.
18:04 of 1st period - Stopped by James Reimer without a rebound.
18:05 of 1st period - Connor McDavid wins face-off versus David Perron in Oilers zone.
18:29 of 1st period - Slapshot by Riley Sheahan.
18:29 of 1st period - Stopped by James Reimer with a rebound.
18:31 of 1st period - Slapshot by Ladislav Smid.
18:31 of 1st period - Stopped by James Reimer with a rebound.
18:33 of 1st period - Snap shot by Riley Sheahan.
18:33 of 1st period - Goal by Riley Sheahan - Oilers : 0 - Blues : 1.
18:34 of 1st period - Filip Forsberg wins face-off versus Taylor Hall in neutral zone.
18:42 of 1st period - Adam Larsson is hit by Ryan Murray.
18:48 of 1st period - Wrist shot by Ryan Nugent-Hopkins.
18:48 of 1st period - Stopped by Carey Price with a rebound.
19:05 of 1st period - Snap shot by Anthony Mantha.
19:05 of 1st period - Deflect By Rasmus Ristolainen.
19:05 of 1st period - Stopped by James Reimer without a rebound.
19:06 of 1st period - Auston Matthews wins face-off versus Ryan Nugent-Hopkins in Oilers zone.
19:32 of 1st period - Connor McDavid is hit by Tyler Johnson and loses puck.
19:53 of 1st period - Slapshot by Alex Pietrangelo.
19:53 of 1st period - Shot Misses the Net.
19:55 of 1st period - Backhand shot by Anthony Mantha.
19:55 of 1st period - Shot Misses the Net.
Goals for this period are 0 for Oilers vs 1 for Blues.
Shots for this period are 10 for Oilers vs 14 for Blues.
2nd period
0:01 of 2nd period - Nicklas Backstrom wins face-off versus Ryan Nugent-Hopkins in neutral zone.
0:13 of 2nd period - Minor Penalty to Alex Pietrangelo for Hooking.
0:14 of 2nd period - Connor McDavid wins face-off versus Drew Shore in Blues zone.
0:40 of 2nd period - Ryan Murray is hit by Leon Draisaitl and loses puck.
1:39 of 2nd period - Ryan Murray is hit by Jakob Silfverberg and loses puck.
2:13 of 2nd period - Penalty to Alex Pietrangelo is over, Alex Pietrangelo is back on ice.
2:28 of 2nd period - Slapshot by Adam Larsson.
2:28 of 2nd period - Shot Blocked by Jacob Slavin.
2:30 of 2nd period - Slapshot by Rasmus Ristolainen.
2:30 of 2nd period - Shot Blocked by Jacob Slavin.
2:32 of 2nd period - Snap shot by Adam Larsson.
2:32 of 2nd period - Shot Blocked by Alex Pietrangelo.
2:34 of 2nd period - Snap shot by Ted Purcell.
2:34 of 2nd period - Shot Misses the Net.
3:21 of 2nd period - Ladislav Smid is hit by Kasperi Kapanen and loses puck.
3:37 of 2nd period - Darnell Nurse is hit by Riley Sheahan and loses puck.
4:01 of 2nd period - Martin Marincin is hit by Benoit Pouliot and loses puck.
4:18 of 2nd period - Ted Purcell is hit by Jacob Slavin.
4:43 of 2nd period - Alex Pietrangelo is hit by Yanni Gourde and loses puck.
4:58 of 2nd period - Linus Omark is hit by Jakob Silfverberg and loses puck.
6:21 of 2nd period - Snap shot by Anthony Mantha.
6:21 of 2nd period - Shot Misses the Net.
7:14 of 2nd period - Wrist shot by Kasperi Kapanen.
7:14 of 2nd period - Stopped by Carey Price with a rebound.
7:30 of 2nd period - Drew Shore is hit by Taylor Hall and loses puck.
8:01 of 2nd period - Wrist shot by Filip Forsberg.
8:01 of 2nd period - Stopped by James Reimer with a rebound.
8:14 of 2nd period - Benoit Pouliot is hit by Patrick Kaleta and loses puck.
8:30 of 2nd period - Off-side.
8:31 of 2nd period - Brock McGinn wins face-off versus Auston Matthews in neutral zone.
8:58 of 2nd period - Jacob Slavin is hit by Rasmus Ristolainen and loses puck.
9:09 of 2nd period - Snap shot by Jakob Silfverberg.
9:09 of 2nd period - Shot Misses the Net.
9:36 of 2nd period - Ted Purcell is hit by Jujhar Khaira.
9:40 of 2nd period - Ladislav Smid is hit by Kasperi Kapanen and loses puck.
10:21 of 2nd period - Slapshot by Alex Pietrangelo.
10:21 of 2nd period - Shot Blocked by Taylor Hall.
10:23 of 2nd period - Slapshot by Alex Pietrangelo.
10:23 of 2nd period - Stopped by James Reimer with a rebound.
10:28 of 2nd period - Icing by Shea Weber.
10:29 of 2nd period - Ryan Nugent-Hopkins wins face-off versus Nicklas Backstrom in Oilers zone.
10:52 of 2nd period - Snap shot by Taylor Hall.
10:52 of 2nd period - Stopped by Carey Price with a rebound.
11:00 of 2nd period - Jordan Eberle is hit by Jacob Slavin.
11:29 of 2nd period - Martin Marincin is hit by Taylor Hall and loses puck.
11:46 of 2nd period - Wrist shot by Tyler Johnson.
11:46 of 2nd period - Stopped by James Reimer with a rebound.
11:48 of 2nd period - Slapshot by Filip Forsberg.
11:48 of 2nd period - Shot Misses the Net.
11:50 of 2nd period - Backhand shot by Tyler Johnson.
11:50 of 2nd period - Stopped by James Reimer without a rebound.
11:51 of 2nd period - Connor McDavid wins face-off versus Auston Matthews in Oilers zone.
11:58 of 2nd period - Darnell Nurse is hit by Alex Pietrangelo and loses puck.
12:01 of 2nd period - Snap shot by Connor McDavid.
12:01 of 2nd period - Stopped by Carey Price without a rebound.
12:02 of 2nd period - Auston Matthews wins face-off versus Connor McDavid in Blues zone.
12:02 of 2nd period - Auston Matthews is hit by Benoit Pouliot.
13:00 of 2nd period - Icing by Darnell Nurse.
13:01 of 2nd period - Maxim Lapierre wins face-off versus Auston Matthews in Oilers zone.
13:12 of 2nd period - Slapshot by Rasmus Ristolainen.
13:12 of 2nd period - Shot Misses the Net.
13:36 of 2nd period - Wrist shot by Drew Shore.
13:36 of 2nd period - Goal by Drew Shore - Oilers : 0 - Blues : 2.
13:37 of 2nd period - Ryan Nugent-Hopkins wins face-off versus Nicklas Backstrom in neutral zone.
13:39 of 2nd period - Off-side.
13:40 of 2nd period - Filip Forsberg wins face-off versus Ryan Nugent-Hopkins in neutral zone.
15:05 of 2nd period - Slapshot by Anthony Mantha.
15:05 of 2nd period - Stopped by James Reimer with a rebound.
16:00 of 2nd period - Wrist shot by Linus Omark.
16:00 of 2nd period - Stopped by James Reimer without a rebound.
16:01 of 2nd period - Connor McDavid wins face-off versus Nicklas Backstrom in Oilers zone.
16:12 of 2nd period - Slapshot by Shea Weber.
16:12 of 2nd period - Deflect By Filip Forsberg.
16:12 of 2nd period - Stopped by Carey Price without a rebound.
16:13 of 2nd period - Connor McDavid wins face-off versus Nicklas Backstrom in Blues zone.
16:16 of 2nd period - Backhand shot by Jakob Silfverberg.
16:16 of 2nd period - Shot Misses the Net.
16:20 of 2nd period - Wrist shot by Connor McDavid.
16:20 of 2nd period - Deflect By Filip Forsberg.
16:20 of 2nd period - Shot Misses the Net.
16:20 of 2nd period - Puck is out of play.
16:21 of 2nd period - Nicklas Backstrom wins face-off versus Connor McDavid in Blues zone.
16:21 of 2nd period - Nicklas Backstrom is hit by Jakob Silfverberg.
16:46 of 2nd period - Icing by Tyler Johnson.
16:47 of 2nd period - Nicklas Backstrom wins face-off versus Ryan Nugent-Hopkins in Blues zone.
16:56 of 2nd period - Jordan Eberle is hit by Martin Marincin and loses puck.
17:15 of 2nd period - Slapshot by David Perron.
17:15 of 2nd period - Deflect By Auston Matthews.
17:15 of 2nd period - Stopped by James Reimer with a rebound.
17:17 of 2nd period - Snap shot by Martin Marincin.
17:17 of 2nd period - Deflect By David Perron.
17:17 of 2nd period - Stopped by James Reimer without a rebound.
17:18 of 2nd period - Connor McDavid wins face-off versus Auston Matthews in Oilers zone.
17:31 of 2nd period - Backhand shot by Brandon Montour.
17:31 of 2nd period - Deflect By Riley Sheahan.
17:31 of 2nd period - Shot Misses the Net.
17:31 of 2nd period - Puck is out of play.
17:32 of 2nd period - Ryan Nugent-Hopkins wins face-off versus Nicklas Backstrom in Oilers zone.
17:59 of 2nd period - Jakob Silfverberg is hit by David Perron and loses puck.
18:06 of 2nd period - Wrist shot by David Perron.
18:06 of 2nd period - Deflect By Connor McDavid.
18:06 of 2nd period - Stopped by James Reimer without a rebound.
18:07 of 2nd period - Connor McDavid wins face-off versus Auston Matthews in Oilers zone.
18:14 of 2nd period - Slapshot by Jakob Silfverberg.
18:14 of 2nd period - Shot Blocked by Ladislav Smid.
18:16 of 2nd period - Snap shot by Duncan Keith.
18:16 of 2nd period - Deflect By Riley Sheahan.
18:16 of 2nd period - Stopped by Carey Price without a rebound.
18:17 of 2nd period - Connor McDavid wins face-off versus Auston Matthews in Blues zone.
18:48 of 2nd period - Snap shot by Ryan Murray.
18:48 of 2nd period - Shot Misses the Net.
18:50 of 2nd period - Slapshot by Riley Sheahan.
18:50 of 2nd period - Shot Misses the Net.
18:54 of 2nd period - Snap shot by Riley Sheahan.
18:54 of 2nd period - Stopped by James Reimer without a rebound.
18:55 of 2nd period - Ryan Nugent-Hopkins wins face-off versus Nicklas Backstrom in Oilers zone.
18:57 of 2nd period - Minor Penalty to Shea Weber for Cross-checking.
18:58 of 2nd period - Maxim Lapierre wins face-off versus Nicklas Backstrom in Oilers zone.
19:50 of 2nd period - Brandon Montour is hit by Taylor Hall and loses puck.
Goals for this period are 0 for Oilers vs 1 for Blues.
Shots for this period are 5 for Oilers vs 11 for Blues.
3rd period
0:01 of 3rd period - Nicklas Backstrom wins face-off versus Maxim Lapierre in neutral zone.
0:56 of 3rd period - Benoit Pouliot is hit by Riley Sheahan and loses puck.
0:57 of 3rd period - Penalty to Shea Weber is over, Shea Weber is back on ice.
1:43 of 3rd period - Wrist shot by Ted Purcell.
1:43 of 3rd period - Deflect By Kasperi Kapanen.
1:43 of 3rd period - Stopped by Carey Price without a rebound.
1:44 of 3rd period - Riley Sheahan wins face-off versus Maxim Lapierre in Blues zone.
2:09 of 3rd period - Minor Penalty to Auston Matthews for Delaying the game.
2:10 of 3rd period - Connor McDavid wins face-off versus Drew Shore in Blues zone.
2:14 of 3rd period - Snap shot by Connor McDavid.
2:14 of 3rd period - Stopped by Carey Price with a rebound.
2:16 of 3rd period - Snap shot by Connor McDavid.
2:16 of 3rd period - Shot Misses the Net.
2:18 of 3rd period - Snap shot by Rasmus Ristolainen.
2:18 of 3rd period - Deflect By Taylor Hall.
2:18 of 3rd period - Shot Blocked by Tyler Johnson.
2:18 of 3rd period - Puck is out of play.
2:19 of 3rd period - Drew Shore wins face-off versus Connor McDavid in Blues zone.
2:34 of 3rd period - Snap shot by Tyler Johnson.
2:34 of 3rd period - Stopped by James Reimer without a rebound.
2:35 of 3rd period - Connor McDavid wins face-off versus Drew Shore in Oilers zone.
4:09 of 3rd period - Penalty to Auston Matthews is over, Auston Matthews is back on ice.
4:16 of 3rd period - Martin Marincin is hit by Maxim Lapierre and loses puck.
4:29 of 3rd period - Slapshot by Riley Sheahan.
4:29 of 3rd period - Stopped by James Reimer without a rebound.
4:30 of 3rd period - Nicklas Backstrom wins face-off versus Brock McGinn in Oilers zone.
4:39 of 3rd period - Slapshot by Rasmus Ristolainen.
4:39 of 3rd period - Shot Blocked by Filip Forsberg.
4:41 of 3rd period - Snap shot by Yanni Gourde.
4:41 of 3rd period - Stopped by Carey Price without a rebound.
4:42 of 3rd period - Drew Shore wins face-off versus Ryan Nugent-Hopkins in Blues zone.
5:04 of 3rd period - Minor Penalty to Linus Omark for Holding.
5:05 of 3rd period - Drew Shore wins face-off versus Connor McDavid in Blues zone.
5:55 of 3rd period - Wrist shot by Riley Sheahan.
5:55 of 3rd period - Stopped by James Reimer with a rebound.
7:04 of 3rd period - Penalty to Linus Omark is over, Linus Omark is back on ice.
7:13 of 3rd period - Linus Omark is hit by Ted Purcell and loses puck.
7:34 of 3rd period - Wrist shot by David Perron.
7:34 of 3rd period - Deflect By Riley Sheahan.
7:34 of 3rd period - Shot Blocked by Shea Weber.
7:34 of 3rd period - Puck is out of play.
7:35 of 3rd period - Auston Matthews wins face-off versus Maxim Lapierre in Oilers zone.
7:42 of 3rd period - Slapshot by Auston Matthews.
7:42 of 3rd period - Shot Blocked by Darnell Nurse.
7:44 of 3rd period - Slapshot by Ladislav Smid.
7:44 of 3rd period - Stopped by James Reimer without a rebound.
7:45 of 3rd period - Maxim Lapierre wins face-off versus Drew Shore in Oilers zone.
7:45 of 3rd period - Maxim Lapierre is hit by Anthony Mantha.
7:57 of 3rd period - Snap shot by Anthony Mantha.
7:57 of 3rd period - Deflect By Maxim Lapierre.
7:57 of 3rd period - Goal by Anthony Mantha - Oilers : 0 - Blues : 3.
7:58 of 3rd period - Nicklas Backstrom wins face-off versus Ryan Nugent-Hopkins in neutral zone.
8:05 of 3rd period - Slapshot by Alex Pietrangelo.
8:05 of 3rd period - Stopped by James Reimer with a rebound.
8:07 of 3rd period - Snap shot by Nicklas Backstrom.
8:07 of 3rd period - Goal by Nicklas Backstrom - Oilers : 0 - Blues : 4.
8:08 of 3rd period - Filip Forsberg wins face-off versus Ryan Nugent-Hopkins in neutral zone.
8:39 of 3rd period - Wrist shot by Connor McDavid.
8:39 of 3rd period - Stopped by Carey Price with a rebound.
9:05 of 3rd period - Snap shot by Yanni Gourde.
9:05 of 3rd period - Stopped by Carey Price without a rebound.
9:06 of 3rd period - Nicklas Backstrom wins face-off versus Ryan Nugent-Hopkins in Blues zone.
9:08 of 3rd period - Minor Penalty to Jacob Slavin for Roughing.
9:09 of 3rd period - Drew Shore wins face-off versus Connor McDavid in Blues zone.
9:09 of 3rd period - Drew Shore is hit by Taylor Hall.
9:18 of 3rd period - Tyler Johnson is hit by Jakob Silfverberg and loses puck.
10:21 of 3rd period - Wrist shot by David Perron.
10:21 of 3rd period - Shot Blocked by Rasmus Ristolainen.
10:49 of 3rd period - Jakob Silfverberg is hit by Riley Sheahan and loses puck.
11:08 of 3rd period - Penalty to Jacob Slavin is over, Jacob Slavin is back on ice.
11:24 of 3rd period - Wrist shot by Jacob Slavin.
11:24 of 3rd period - Stopped by James Reimer without a rebound.
11:25 of 3rd period - Auston Matthews wins face-off versus Yanni Gourde in Oilers zone.
11:32 of 3rd period - Snap shot by David Perron.
11:32 of 3rd period - Shot Blocked by Rasmus Ristolainen.
11:34 of 3rd period - Backhand shot by Riley Sheahan.
11:34 of 3rd period - Stopped by James Reimer with a rebound.
11:36 of 3rd period - Backhand shot by Riley Sheahan.
11:36 of 3rd period - Shot Blocked by Rasmus Ristolainen.
11:38 of 3rd period - Snap shot by Riley Sheahan.
11:38 of 3rd period - Stopped by James Reimer without a rebound.
11:39 of 3rd period - Nicklas Backstrom wins face-off versus Ryan Nugent-Hopkins in Oilers zone.
11:52 of 3rd period - Snap shot by Nicklas Backstrom.
11:52 of 3rd period - Shot Misses the Net.
11:54 of 3rd period - Wrist shot by Filip Forsberg.
11:54 of 3rd period - Stopped by James Reimer with a rebound.
12:06 of 3rd period - Ryan Murray is hit by Jakob Silfverberg and loses puck.
13:18 of 3rd period - Snap shot by Taylor Hall.
13:18 of 3rd period - Stopped by Carey Price with a rebound.
13:20 of 3rd period - Wrist shot by Jordan Eberle.
13:20 of 3rd period - Shot Blocked by Martin Marincin.
13:22 of 3rd period - Wrist shot by Jordan Eberle.
13:22 of 3rd period - Shot Blocked by Drew Shore.
13:24 of 3rd period - Wrist shot by Taylor Hall.
13:24 of 3rd period - Stopped by Carey Price without a rebound.
13:25 of 3rd period - Nicklas Backstrom wins face-off versus Ryan Nugent-Hopkins in Blues zone.
13:32 of 3rd period - Slapshot by Taylor Hall.
13:32 of 3rd period - Stopped by Carey Price with a rebound.
13:34 of 3rd period - Snap shot by Taylor Hall.
13:34 of 3rd period - Deflect By Ryan Nugent-Hopkins.
13:34 of 3rd period - Shot Misses the Net.
13:34 of 3rd period - Puck is out of play.
13:35 of 3rd period - Taylor Hall wins face-off versus Nicklas Backstrom in Blues zone.
14:06 of 3rd period - Wrist shot by Taylor Hall.
14:06 of 3rd period - Goal by Taylor Hall - Oilers : 1 - Blues : 4.
14:07 of 3rd period - Ryan Nugent-Hopkins wins face-off versus Nicklas Backstrom in neutral zone.
15:06 of 3rd period - Slapshot by Yanni Gourde.
15:06 of 3rd period - Shot Blocked by Ryan Murray.
15:18 of 3rd period - Slapshot by Alex Pietrangelo.
15:18 of 3rd period - Shot Misses the Net.
15:40 of 3rd period - Snap shot by Jakob Silfverberg.
15:40 of 3rd period - Shot Blocked by Ryan Murray.
15:42 of 3rd period - Snap shot by Benoit Pouliot.
15:42 of 3rd period - Stopped by Carey Price with a rebound.
15:44 of 3rd period - Slapshot by Shea Weber.
15:44 of 3rd period - Shot Misses the Net.
15:46 of 3rd period - Snap shot by Benoit Pouliot.
15:46 of 3rd period - Stopped by Carey Price without a rebound.
15:47 of 3rd period - Nicklas Backstrom wins face-off versus Connor McDavid in Blues zone.
16:21 of 3rd period - Slapshot by Rasmus Ristolainen.
16:21 of 3rd period - Shot Misses the Net.
16:33 of 3rd period - Slapshot by Tyler Johnson.
16:33 of 3rd period - Stopped by James Reimer without a rebound.
16:34 of 3rd period - Auston Matthews wins face-off versus Ryan Nugent-Hopkins in Oilers zone.
17:07 of 3rd period - Snap shot by Anthony Mantha.
17:07 of 3rd period - Stopped by James Reimer with a rebound.
17:52 of 3rd period - Snap shot by Jakob Silfverberg.
17:52 of 3rd period - Shot Misses the Net.
17:54 of 3rd period - Snap shot by Benoit Pouliot.
17:54 of 3rd period - Deflect By Jakob Silfverberg.
17:54 of 3rd period - Stopped by Carey Price without a rebound.
17:55 of 3rd period - Nicklas Backstrom wins face-off versus Connor McDavid in Blues zone.
17:55 of 3rd period - Nicklas Backstrom is hit by Connor McDavid.
18:06 of 3rd period - Off-side.
18:07 of 3rd period - Ryan Nugent-Hopkins wins face-off versus Nicklas Backstrom in neutral zone.
18:22 of 3rd period - Wrist shot by Nicklas Backstrom.
18:22 of 3rd period - Stopped by James Reimer with a rebound.
18:24 of 3rd period - Slapshot by Ryan Murray.
18:24 of 3rd period - Stopped by James Reimer without a rebound.
18:25 of 3rd period - Auston Matthews wins face-off versus Connor McDavid in Oilers zone.
18:41 of 3rd period - Snap shot by Riley Sheahan.
18:41 of 3rd period - Stopped by James Reimer without a rebound.
18:42 of 3rd period - Nicklas Backstrom wins face-off versus Ryan Nugent-Hopkins in Oilers zone.
19:09 of 3rd period - Adam Larsson is hit by Riley Sheahan and loses puck.
19:16 of 3rd period - Wrist shot by David Perron.
19:16 of 3rd period - Deflect By Auston Matthews.
19:16 of 3rd period - Shot Misses the Net.
19:16 of 3rd period - Puck is out of play.
19:17 of 3rd period - Auston Matthews wins face-off versus Connor McDavid in Oilers zone.
Goals for this period are 1 for Oilers vs 2 for Blues.
Shots for this period are 12 for Oilers vs 16 for Blues.